 Dungeon Crawl Stone Soup version 0.31-a0-355-g57cb03d3e8 (webtiles) character file.

Game seed: 4080415280191937411

2719 Zeldest the Changeling (level 9, -6/45 HPs)
             Began as a Vine Stalker Shapeshifter on July 24, 2023.
             Was an Initiate of Makhleb.
             Engulfed by a steam dragon's steam (9 damage)
             ... on level 8 of the Dungeon.
             The game lasted 00:19:22 (6970 turns).

Zeldest the Changeling (Vine Stalker Shapeshifter)  Turns: 6970, Time: 00:19:23

Health: -6/45      AC:  3    Str: 21    XL:     9   Next: 66%
Magic:  0/16       EV: 12    Int: 10    God:    Makhleb [......]
Gold:   461        SH:  0    Dex: 14    Spells: 16/16 levels left

rFire   . .          .
                       - Unarmed
rCold   . . .        (no shield)
rNeg    + . .        h - +1 robe of Mezcal {rN+ Slay+2}
rPois   .            (helmet currently unavailable)
rElec   .            (cloak currently unavailable)
rCorr   .            (gloves currently unavailable)
SInv    .            (boots currently unavailable)
Will    +....        s - amulet of the acrobat
Stlth   +            (no ring)
HPRegen 1.07/turn    (no ring)
MPRegen 0.15/turn

%: acrobat, guardian spirit
@: beast-form, invisible
A: beast (slay +5), fangs 3, regeneration 1, magic shield, antimagic bite, no
potion heal 2
a: Begin Untransformation, Renounce Religion


You were on level 8 of the Dungeon.
You worshipped Makhleb.
Makhleb was noncommittal.
You were a hulking beast.
You visited 2 branches of the dungeon, and saw 9 of its levels.

You collected 461 gold pieces.

Inventory:

Armour
 h - the +1 robe of Mezcal (worn) {rN+ Slay+2}
   (You took it off an orc on level 8 of the Dungeon)

   Slay:      It affects your accuracy & damage with ranged weapons and melee
   (+2).
   rN:        It protects you from negative energy.
 n - a +0 pair of boots
Jewellery
 s - an amulet of the acrobat (around neck)
Talismans
 c - a beast talisman
 y - a maw talisman
Wands
 g - a wand of paralysis (6)
 x - a wand of polymorph (24)
Scrolls
 b - a scroll of brand weapon {unknown}
 k - 4 scrolls of enchant armour
 m - 3 scrolls of poison
 p - a scroll of fear {unknown}
 q - a scroll of immolation {unknown}
 r - a scroll of blinking {unknown}
 u - a scroll of noise {unknown}
 v - a scroll of vulnerability {unknown}
 w - a scroll of amnesia
 z - a scroll of fog {unknown}
Potions
 d - a potion of heal wounds
 e - 3 potions of curing
 i - 2 potions of haste
 j - a potion of berserk rage {unknown}
 l - 3 potions of mutation
 o - a potion of brilliance {unknown}
 t - a potion of attraction
 A - a potion of ambrosia {unknown}


   Skills:
 - Level 4.1 Fighting
 - Level 1.5 Dodging
 - Level 6.3 Unarmed Combat
 - Level 4.2 Spellcasting
 + Level 5.2 Poison Magic
 * Level 7.4 Shapeshifting


You had 16 spell levels left.
You didn't know any spells.
Your spell library contained the following spells:

 Spells                   Type           Power      Damage    Failure   Level
 Sting                    Tmut/Pois      28%        1d4       9%          1
 Poisonous Vapours        Pois/Air       14%        N/A       13%         2
 Olgreb's Toxic Radiance  Pois           12%        N/A       28%         4
 Summon Forest            Summ/Tloc      1%         N/A       100%        5
 Eringya's Noxious Bog    Tmut/Pois      3%         4d6       100%        6
 Summon Hydra             Summ           1%         N/A       100%        7


Dungeon Overview and Level Annotations

Branches:
Dungeon (8/15) Zot: 26381  Temple (1/1) D:5 Zot: 5913    Lair (0/5) D:8

Altars:
Cheibriados
Dithmenos
Hepliaklqana
Makhleb
Nemelex Xobeh
Qazlal
Ru
Sif Muna
Trog
Vehumet
Wu Jian
Xom
Yredelemnul
Zin
The Shining One

Shops:
D:2 :

Annotations:
D:5 1 transporter, 1 runed translucent door, Crazy Yiuf; hashsling's ghost, novice MfIE
D:6 2 runed translucent doors
D:7 exclusion: door


Innate Abilities, Weirdness & Mutations

You are a hulking beast.
Your limbs bulge with bestial killing power. (Slay +5)
You have razor-sharp teeth.
Your natural rate of healing is unusually fast.
When hurt, damage is shared between your health and your magic reserves.
Your bite disrupts and absorbs the magic of your enemies.
Potions cannot restore your health.


Message History

The wyvern barely misses you.
You hit the wyvern but do no damage. Your bite misses the wyvern.
The wyvern bites you!
Aiming: Paralyse
Press: ? - help, Shift-Dir - straight line, f - wyvern
Aim: a wyvern (chance to affect: 49%)
The wyvern resists with some effort.
The wyvern bites you! The wyvern misses you.
Aiming: Paralyse
Press: ? - help, Shift-Dir - straight line, f/p - wyvern
Aim: a wyvern (chance to affect: 49%)
The wyvern resists with some effort.
The wyvern misses you.
Aiming: Paralyse
Press: ? - help, Shift-Dir - straight line, f/p - wyvern
Aim: a wyvern (chance to affect: 49%)
The wyvern resists with some effort.
The wyvern closely misses you. The wyvern bites you.
Aiming: Paralyse
Press: ? - help, Shift-Dir - straight line, f/p - wyvern
Aim: a wyvern (chance to affect: 49%)
The wyvern resists with some effort.
The steam dragon hisses angrily.
The wyvern barely misses you.
Aiming: Paralyse
Press: ? - help, Shift-Dir - straight line, f/p - wyvern
Aim: a wyvern (chance to affect: 49%)
The wyvern resists with some effort.
The wyvern bites you! The steam dragon breathes steam at you.
The ball of steam misses you. The wyvern bites you!
* * * LOW HITPOINT WARNING * * *
As you read the scroll labelled IVOKKA TENGEE, it crumbles to dust.
It is a scroll of amnesia.
You feel forgetful for a moment.
You are engulfed in a cloud of scalding steam.
* * * LOW HITPOINT WARNING * * *
The wyvern hisses menacingly.
The wyvern bites you.
* * * LOW HITPOINT WARNING * * *
You fade into invisibility!
You die...

.. .......[..#
##########.## ..
..........# #... ..
........D.# #############
..
..####...####............
.. #.....................
.. #.###.####............
.. .##. #§# #............
.. .. #§# #............
#. #.#.# #h#
#............
......#l####............
.#....o................
>.......................
........................
.#######...?.####...
#.....# ### . #.....# #.
.......# #.#


You could see an orc warrior (unable to see you) and a wyvern (unable to see
you).

Vanquished Creatures
  Pikel (D:5)
  A troll (D:7)
  Grinder (D:5)
  A yak (D:8)
  Menkaure (D:4)
  An orc warrior (D:4)
  2 sky beasts
  A black bear (D:4)
  An ogre (D:7)
  A phantom (D:5)
  4 lemures
  A gnoll sergeant (D:6)
  2 scorpions
  4 wights (D:8)
  A howler monkey (D:7)
  4 hounds
  3 orc priests
  2 sleepcaps (D:7)
  2 iguanas
  3 orc wizards
  4 adders
  13 gnolls
  A shadow imp (D:5)
  2 ufetubi
  2 worms
  4 dart slugs
  19 orcs
  3 bats
  2 endoplasms
  2 giant cockroaches
  4 goblins
  4 hobgoblins
  3 quokkas
  11 ball pythons
  A frilled lizard (D:2)
  A kobold (D:3)
  7 rats
120 creatures vanquished.

Vanquished Creatures (others)
  An orc warrior (D:7)
  An orc priest (D:7)
  An orc (D:7)
3 creatures vanquished.

Grand Total: 123 creatures vanquished

Notes
Turn   | Place    | Note
-------+----------+-------------------------------------------
     0 | D:1      | Zeldest the Vine Stalker Shapeshifter began the quest for
                  | the Orb.
     0 | D:1      | Reached XP level 1. HP: 9/9 MP: 2/2
   143 | D:1      | Reached skill level 1 in Fighting
   186 | D:1      | Reached XP level 2. HP: 14/14 MP: 1/3
   714 | D:2      | Reached XP level 3. HP: 15/18 MP: 3/5
  1309 | D:2      | Found Fyfinew's Book Shop.
  1459 | D:3      | Reached skill level 1 in Spellcasting
  1459 | D:3      | Gained mutation: Your natural rate of healing is unusually
                  | fast. [Vine Stalker growth]
  1459 | D:3      | Reached XP level 4. HP: 13/22 MP: 2/6
  1659 | D:3      | Found a radiant altar of Vehumet.
  2285 | D:4      | Reached XP level 5. HP: 26/26 MP: 8/8
  2297 | D:4      | Found a stormy altar of Qazlal.
  2297 | D:4      | Noticed a sky beast
  2327 | D:4      | Killed a sky beast
  2328 | D:4      | Reached skill level 4 in Shapeshifting
  2328 | D:4      | Reached XP level 6. HP: 12/30 MP: 2/9
  2403 | D:4      | Noticed a black bear
  2413 | D:4      | Killed a black bear
  2609 | D:4      | Found a glowing golden altar of the Shining One.
  2655 | D:4      | Noticed Menkaure
  2673 | D:4      | Killed Menkaure
  2674 | D:4      | Reached skill level 5 in Unarmed Combat
  2674 | D:4      | Reached XP level 7. HP: 18/35 MP: 6/11
  3110 | D:5      | Entered Level 5 of the Dungeon
  3203 | D:5      | Found a staircase to the Ecumenical Temple.
  3221 | Temple   | Entered the Ecumenical Temple
  3482 | D:5      | Found a bloodstained altar of Trog.
  3524 | D:5      | Reached skill level 1 in Poison Magic
  3587 | D:5      | Noticed Pikel
  3782 | D:5      | Found a shimmering blue altar of Sif Muna.
  3873 | D:5      | Noticed hashsling's ghost (novice MfIE)
  3874 | D:5      | Found a transporter.
  3874 | D:5      | Identified the +2 great mace "Voshrunn" {heavy, rF++ rN++
                  | Dex-3}
  3898 | D:5      | Noticed Grinder
  3921 | D:5      | Killed Grinder
  3922 | D:5      | Reached skill level 5 in Shapeshifting
  3922 | D:5      | Gained mutation: You have razor-sharp teeth. [Vine Stalker
                  | growth]
  3922 | D:5      | Reached XP level 8. HP: 36/40 MP: 13/13
  3973 | D:5      | Found a runed translucent door.
  3974 | D:5      | Noticed Crazy Yiuf
  4033 | D:5      | Killed Pikel
  4406 | D:6      | Found an ornate altar of the Wu Jian Council.
  4760 | D:6      | Found a runed translucent door.
  4764 | D:6      | Found a runed translucent door.
  5139 | D:4      | Reached XP level 9. HP: 13/45 MP: 6/16
  5501 | D:6      | Reached skill level 6 in Shapeshifting
  5912 | D:7      | Found a burning altar of Makhleb.
  5975 | D:7      | Became a worshipper of Makhleb the Destroyer
  5998 | D:7      | Found a hazy altar of Hepliaklqana.
  6089 | D:7      | Noticed a troll
  6096 | D:7      | Killed a troll
  6556 | D:8      | Reached skill level 7 in Shapeshifting
  6615 | D:8      | Found a staircase to the Lair.
  6776 | D:8      | Reached skill level 5 in Poison Magic
  6903 | D:8      | Identified the +1 robe of Mezcal {rN+ Slay+2}
  6970 | D:8      | Engulfed by a steam dragon's steam

Illustrated notes

Levels and vault maps discovered:
D:1:      minmay_arrival_solitary_statue, layout_basic, serial_curves,
          eino_curves_02, eino_curves_04, minmay_misc_feat_encased,
          minmay_shallow_snake_nest
D:2:      cheibrodos_helix_gallery, layout_basic, serial_shops, shop
D:3:      layout_loops_ring, old_standard_altar, serial_glass, glass_columns_b,
          glass_columns_a
D:4:      layout_basic, tso_metal_star, nicolae_qazlal_beasts_of_the_sky,
          serial_glass, glass_columns_c, glass_columns_c, glass_columns_a,
          hangedman_decor_growths, guppyfry_early_orc_mine, uniq_menkaure
D:5:      layout_rooms, lightli_temple_of_fire, nicolae_overflow_hidden_temple,
          minmay_temple_entry_wispy, gammafunk_ghost_smash, uniq_pikel,
          uniq_grinder, uniq_crazy_yiuf_cottage
D:6:      lemuel_insect_pit, layout_basic, nzn_wu_jian_council_hall
D:7:      lemuel_ice_spiral_2, layout_basic, old_standard_altar,
          old_standard_altar
D:8:      cheibrodos_fzero, layout_basic, enter_bailey_2, special_room
          [special_room_orc]
Temple:   nicolae_temple_little_seven

Skill      XL: |  1  2  3  4  5  6  7  8  9 |
---------------+----------------------------+-----
Fighting       | 1 2 3 4 |  4.1
Spellcasting   | 1 2 3 4 |  4.2
Unarmed Combat | 4 5 6 |  6.3
Shapeshifting  | 4 5 7 |  7.4
Poison Magic   | 1 3 5 |  5.2
Dodging        | |  1.5

Action                     |  1- 3 |  4- 6 |  7- 9 || total
---------------------------+-------+-------+-------++-------
  Melee: Unarmed           |    74 |    72 |   204 ||   350
         Bite              |    16 |    16 |    69 ||   101
         Punch             |       |     4 |     9 ||    13
         Maw               |       |       |     2 ||     2
  Evoke: Wand              |       |       |     6 ||     6
    Use: Potion            |       |     2 |     1 ||     3
         Scroll            |       |       |     9 ||     9
   Stab: Sleeping          |     2 |       |       ||     2
         Paralysed         |       |       |     4 ||     4
 Armour: Animal skin       |     9 |    11 |    10 ||    30
         Skin              |       |     3 |       ||     3
  Dodge: Dodged            |    35 |    43 |    98 ||   176
   Form: Beast             |     1 |       |     1 ||     2
                           |     1 |       |       ||     1
         Maw               |       |       |     1 ||     1

Table legend: (Time is in decaauts)
 A = Elapsed time spent in this place.
 B = Non-inter-level travel time spent in this place.
 C = Inter-level travel time spent in this place.
 D = Time resting spent in this place.
 E = Time spent auto-exploring this place.
 F = Levels seen in this place.
 G = Mean time per level.
                   A        B        C        D        E       F      G
               +--------+--------+--------+--------+--------+-----+--------+
         Total |   6946 |   6430 |    516 |    991 |   3432 |   9 |  771.8 |
       Dungeon |   6859 |   6343 |    516 |    991 |   3432 |   8 |  857.4 |
        Temple |     86 |     86 |      0 |      0 |      0 |   1 |   86.0 |
               +--------+--------+--------+--------+--------+-----+--------+

Top non-repeatable levels by time:
     D:4: 1308 daAuts
     D:5: 1181 daAuts
     D:7: 919 daAuts
     D:2: 888 daAuts
     D:3: 822 daAuts
     D:6: 657 daAuts
     D:8: 550 daAuts
     D:1: 533 daAuts
  Temple: 86 daAuts
